 Dungeon Crawl Stone Soup version 0.29-a0-1027-gcd8c55af63 (webtiles) character file.

Game seed: 3558406322631237484

250 27heaven the Shooter (level 6, -2/51 HPs)
             Began as a Ghoul Hunter on Aug 12, 2022.
             Was a Follower of Nemelex Xobeh.
             Slain by Eustachio
             ... wielding a +0 rapier
              (5 damage)
             ... on level 4 of the Dungeon.
             The game lasted 00:07:07 (3349 turns).

27heaven the Shooter (Ghoul Hunter)                 Turns: 3349, Time: 00:07:07

Health: -2/51      AC:  5    Str: 17    XL:     6   Next: 13%
Magic:  6/6        EV: 11    Int:  4    God:    Nemelex Xobeh [*.....]
Gold:   110        SH:  0    Dex: 12    Spells: 5/5 levels left

rFire   . . .      SeeInvis .   a - +0 shortbow
rCold   + . .      Faith    .   (shield currently unavailable)
rNeg    + + +      Spirit   .   c - +0 leather armour
rPois   ∞          Reflect  .   (no helmet)
rElec   .          Harm     .   s - scarf {shadows}
rCorr   .          Rampage  .   e - +0 pair of gloves
Will    .....                   h - +0 pair of boots
Stlth   ++........              (no amulet)
HPRegen 0.00/turn               (no ring)
MPRegen 0.10/turn               (no ring)

@: inhibited regen
A: claws 1, cold resistance 1, negative energy resistance 3, inhibited
regeneration, torment resistance 2, devour on kill
a: Renounce Religion, Draw Escape, Draw Destruction, Draw Summoning


You were on level 4 of the Dungeon.
You worshipped Nemelex Xobeh.
Nemelex Xobeh was aware of your devotion.
You visited 1 branch of the dungeon, and saw 4 of its levels.

You collected 110 gold pieces.

Inventory:

Hand Weapons
 a - a +0 shortbow (weapon)
 f - a +0 dagger of flaming
 o - the +8 spear "Tiomuac" {vorpal, rN+ Will+ Str+3}
   (You found it on level 2 of the Dungeon)

   It inflicts extra damage upon your enemies.
   Str:       It affects your strength (+3).
   rN:        It protects you from negative energy.
   Will:      It increases your willpower.
Armour
 c - a +0 leather armour (worn)
 e - a +0 pair of gloves (worn)
 h - a +0 pair of boots (worn)
 s - a scarf of shadows (worn)
Jewellery
 q - a ring of magical power
 u - an amulet of magic regeneration
 v - a ring of willpower
Scrolls
 b - 2 scrolls of immolation
 d - 2 scrolls of identify {unknown}
 g - a scroll of vulnerability {unknown}
 k - a scroll of fear {unknown}
 m - a scroll of noise {unknown}
 r - 2 scrolls of amnesia {unknown}
 w - a scroll of magic mapping {unknown}
Potions
 i - a potion of degeneration {unknown}
 j - a potion of flight {unknown}
 l - a potion of heal wounds {unknown}
 n - 3 potions of curing
 p - 2 potions of might {unknown}
 t - 3 potions of mutation {unknown}


   Skills:
 + Level 3.4 Fighting
 + Level 4.8 Ranged Weapons
 - Level 1.7 Dodging
 + Level 4.1 Stealth
 + Level 2.2 Invocations


You had 5 spell levels left.
You didn't know any spells.
Your spell library contained the following spells:

 Spells                   Type           Power      Damage    Failure   Level
 Sting                    Tmut/Pois      0%         1d3       56%         1
 Poisonous Vapours        Pois/Air       0%         N/A       71%         2
 Olgreb's Toxic Radiance  Pois           0%         N/A       100%        4


Dungeon Overview and Level Annotations

Branches:
Dungeon (4/15)
 Temple: D:4-7

Altars:
Nemelex Xobeh
Qazlal

Annotations:
D:4 Eustachio


Innate Abilities, Weirdness & Mutations

You are immune to poison.
You have sharp fingernails.
Your flesh is cold resistant. (rC+)
You are immune to negative energy. (rN+++)
You do not regenerate when monsters are visible.
You are immune to unholy pain and torment.
You thrive by killing the living.


Message History

Eustachio blinks!
a - a +0 shortbow (weapon)
Fire: a) +0 shortbow
Press: ? - help, Shift-Dir - straight line, f - Eustachio
Aim: Eustachio, wielding a +0 rapier and wearing a +2 leather armour of positive energy (severely wounded, 50% to hit)
You shoot an arrow. The arrow hits Eustachio.
Eustachio is almost dead.
Eustachio gestures wildly while chanting.
Fire: a) +0 shortbow
Press: ? - help, Shift-Dir - straight line, f/p - Eustachio
Aim: Eustachio, wielding a +0 rapier and wearing a +2 leather armour of positive energy (almost dead, 50% to hit)
You shoot an arrow. The arrow hits the quokka.
The quokka is lightly wounded.
The bat hits you but does no damage.
Eustachio gestures wildly while chanting.
The quokka barely misses you.
Fire: a) +0 shortbow
Press: ? - help, Shift-Dir - straight line, f/p - Eustachio
Aim: Eustachio, wielding a +0 rapier and wearing a +2 leather armour of positive energy (almost dead, 50% to hit)
You shoot an arrow. The arrow closely misses the quokka.
The arrow hits Eustachio.
Eustachio is almost dead.
Eustachio casts a spell.
The quokka barely misses you. The shadow imp closely misses you.
Fire: a) +0 shortbow
Press: ? - help, Shift-Dir - straight line, f/p - Eustachio
Aim: Eustachio, wielding a +0 rapier and wearing a +2 leather armour of positive energy (almost dead, 50% to hit)
You shoot an arrow. The arrow hits the quokka.
You kill the quokka!
The quokka's corpse disappears in a puff of smoke!
The shadow imp hits you.
* * * LOW HITPOINT WARNING * * *
Eustachio hits you with a +0 rapier.
* * * LOW HITPOINT WARNING * * *
Unknown command.
It was a potion of curing.
You feel better. The shadow imp hits you.
* * * LOW HITPOINT WARNING * * *
Eustachio hits you with a +0 rapier.
You die...
Your body disappears without a glow.

### ######## #..
.......## #.#
........#####
#####.##......>......
#.........###...#
#.###b##.......##
#5#######..#
#@@55......#
##########+#


You could see Eustachio, 2 iron imps, a shadow imp (summoned) and a bat
(summoned).

Vanquished Creatures
  A kobold brigand (D:3)
  An orc wizard (D:3)
  Natasha (D:2)
  4 adders
  A dart slug (D:2)
  8 orcs
  9 ball pythons
  5 bats
  3 endoplasms
  4 giant cockroaches
  8 goblins
  4 hobgoblins (D:1)
  5 quokkas
  6 frilled lizards
  14 kobolds
  8 rats
82 creatures vanquished.

Notes
Turn   | Place    | Note
-------+----------+-------------------------------------------
     0 | D:1      | 27heaven the Ghoul Hunter began the quest for the Orb.
     0 | D:1      | Reached XP level 1. HP: 17/17 MP: 0/0
   502 | D:1      | Reached XP level 2. HP: 24/24 MP: 1/1
   679 | D:1      | Reached XP level 3. HP: 29/29 MP: 2/2
  1084 | D:2      | Found a sparkling altar of Nemelex Xobeh.
  1147 | D:2      | Became a worshipper of Nemelex Xobeh the Trickster
  1208 | D:2      | Reached XP level 4. HP: 33/37 MP: 3/3
  1265 | D:2      | Identified the +8 spear "Tiomuac" {vorpal, rN+ Will+ Str+3}
  1361 | D:2      | Noticed Natasha
  1371 | D:2      | Killed Natasha
  1688 | D:2      | Reached skill level 1 in Invocations
  2141 | D:3      | Found a faded altar of an unknown god.
  2226 | D:3      | Reached XP level 5. HP: 42/42 MP: 4/4
  2429 | D:3      | Found a stormy altar of Qazlal.
  2755 | D:3      | Noticed a kobold brigand
  2770 | D:3      | Killed a kobold brigand
  2771 | D:3      | Reached XP level 6. HP: 23/51 MP: 6/6
  3141 | D:4      | Reached * piety under Nemelex Xobeh
  3304 | D:4      | Noticed Eustachio
  3349 | D:4      | Slain by Eustachio

Illustrated notes

Levels and vault maps discovered:
D:1:      dpeg_arrival_rooms_a, layout_basic
D:2:      layout_loops_ring, basic_altar, serial_glass, glass_columns_a,
          glass_columns_a, grunt_ministairs_3, uniq_natasha
D:3:      cheibrodos_thug_alley, layout_basic, mainiacjoe_overflow_chevrons,
          shapermc_ecumenical_altar_totnotflames, minivault_11
D:4:      layout_loops_corners, nemelex_dance_club_becter, st_stairs_12,
          minmay_ogre_servants, uniq_sigmund, uniq_eustachio

Skill      XL: |  1  2  3  4  5 |
---------------+----------------+-----
Stealth        | 2 3 4 |  4.1
Ranged Weapons | 4 |  4.8
Invocations    | 1 2 |  2.2
Fighting       | 3 |  3.4
Dodging        | |  1.7

Action                   |  1- 3 |  4- 6 || total
-------------------------+-------+-------++-------
Melee: Spear             |       |    26 ||    26
       Dagger            |       |     5 ||     5
 Fire: Shortbow          |   101 |   120 ||   221
  Use: Potion            |       |     1 ||     1
 Stab: Sleeping          |       |     1 ||     1
Armor: Leather armour    |    18 |    25 ||    43
Dodge: Dodged            |    30 |    56 ||    86

Table legend: (Time is in decaauts)
 A = Elapsed time spent in this place.
 B = Non-inter-level travel time spent in this place.
 C = Inter-level travel time spent in this place.
 D = Time resting spent in this place.
 E = Time spent auto-exploring this place.
 F = Levels seen in this place.
 G = Mean time per level.
                   A        B        C        D        E       F      G
               +--------+--------+--------+--------+--------+-----+--------+
         Total |   3423 |   3289 |    134 |    100 |   2521 |   4 |  855.8 |
       Dungeon |   3423 |   3289 |    134 |    100 |   2521 |   4 |  855.8 |
               +--------+--------+--------+--------+--------+-----+--------+

Top non-repeatable levels by time:
     D:3: 1223 daAuts
     D:2: 1096 daAuts
     D:1: 939 daAuts
     D:4: 163 daAuts
